 Dungeon Crawl Stone Soup version 0.30-a0-824-g6c64550be9 (webtiles) character file.

Game seed: 2437368425704766285

3649 testman the Ruffian (level 9, -4/92 HPs)
             Began as a Troll Fighter on Feb 27, 2023.
             Was a Priest of Elyvilon.
             Killed from afar by an electric eel (12 damage)
             ... with a bolt of electricity
             ... on level 7 of the Dungeon.
             The game lasted 00:15:21 (5725 turns).

testman the Ruffian (Troll Fighter)                 Turns: 5725, Time: 00:15:22

Health: -4/92      AC:  5    Str: 30    XL:     9   Next: 88%
Magic:  12/12      EV:  9    Int:  4    God:    Elyvilon [***...]
Gold:   271        SH:  8    Dex:  9    Spells: 8/8 levels left

rFire   + . .      SeeInvis .      - Unarmed
rCold   . . .      Faith    .    b - +0 kite shield
rNeg    . . .      Spirit   .    a - +0 robe
rPois   .          Reflect  .    (helmet restricted)
rElec   .          Harm     .    C - +0 cloak
rCorr   +          Rampage  .    (gloves unavailable)
Will    .....                    (boots unavailable)
Stlth   +                        (no amulet)
HPRegen 1.15/turn                n - ring of protection from fire
MPRegen 0.13/turn                p - ring of resist corrosion

@: no status effects
A: large, unfitting armour, claws 3, regeneration 1, shaggy fur 1, tough skin 1
a: Renounce Religion, Purification, Heal Other, Heal Self


You were on level 7 of the Dungeon.
You worshipped Elyvilon.
Elyvilon was most pleased with you.
You visited 2 branches of the dungeon, and saw 8 of its levels.

You collected 388 gold pieces.
You spent 117 gold pieces at shops.

Inventory:

Missiles
 h - 6 poisoned darts (quivered)
Armour
 a - a +0 robe (worn)
 b - a +0 kite shield (worn)
 C - a +0 cloak (worn)
Jewellery
 n - a ring of protection from fire (left claw)
 p - a ring of resist corrosion (right claw)
 r - a +6 ring of dexterity
Wands
 v - a wand of polymorph (7)
 H - a wand of digging (6)
Scrolls
 f - 2 scrolls of fear {unknown}
 j - a scroll of torment {unknown}
 k - 3 scrolls of enchant armour {unknown}
 l - 3 scrolls of identify {unknown}
 o - 2 scrolls of fog {unknown}
 q - 2 scrolls of blinking {unknown}
 t - 3 scrolls of vulnerability {unknown}
 u - 3 scrolls of teleportation {unknown}
 w - a scroll of amnesia {unknown}
 y - a scroll of noise {unknown}
 B - 3 scrolls of immolation {unknown}
 E - a scroll of acquirement {unknown}
 F - a scroll of poison {unknown}
 G - a scroll of butterflies {unknown}
Potions
 c - a potion of might
 e - 3 potions of mutation {unknown}
 g - a potion of ambrosia {unknown}
 i - 3 potions of lignification {unknown}
 m - a potion of berserk rage {unknown}
 s - 3 potions of cancellation {unknown}
 x - a potion of curing
 z - a potion of magic {unknown}
 A - 2 potions of resistance {unknown}
 D - a potion of attraction {unknown}
 I - a potion of invisibility {unknown}


   Skills:
 + Level 6.4 Fighting
 - Level 5.0 Dodging
 - Level 5.3 Shields
 + Level 7.4 Unarmed Combat
 + Level 6.1 Invocations


You had 8 spell levels left.
You didn't know any spells.
Your spell library contained the following spells:

 Spells                   Type           Power      Damage    Failure   Level
 Slow                     Hex            0%         N/A       77%         1
 Confusing Touch          Hex            0%         N/A       98%         3
 Vampiric Draining        Necr           0%         2d6       98%         3
 Alistair's Intoxication  Tmut/Pois      0%         N/A       100%        5
 Borgnjor's Vile Clutch   Necr/Erth      0%         N/A       100%        5
 Summon Forest            Summ/Tloc      0%         N/A       100%        5
 Summon Mana Viper        Hex/Summ       0%         N/A       100%        5
 Eringya's Noxious Bog    Tmut/Pois      0%         N/A       100%        6
 Summon Cactus Giant      Summ           0%         N/A       100%        6


Dungeon Overview and Level Annotations

Branches:
Dungeon (7/15)             Temple (1/1) D:5

Altars:
Ashenzari
Cheibriados
Dithmenos
Elyvilon
Fedhas
Hepliaklqana
Kikubaaqudgha
Makhleb
Nemelex Xobeh
Okawaru
Qazlal
Ru
Sif Muna
Trog
Uskayaw
Wu Jian
Xom
Yredelemnul
Zin

Shops:
D:5 !


Innate Abilities, Weirdness & Mutations

You are too large for most types of armour.
You have claws for hands.
Your natural rate of healing is unusually fast.
You are covered in fur. (AC +1)
You have tough skin. (AC +1)


Message History

* * * LOW HITPOINT WARNING * * *
The bolt of electricity hits you!
* * * LOW HITPOINT WARNING * * *
Okay, then.
Okay, then.
You feel much better.
The electric eel shoots out a bolt of lightning at you!
The bolt of electricity hits you!
You miss the electric eel.
The electric eel shoots out a bolt of lightning at you!
The bolt of electricity misses you.
The electric eel shoots out a bolt of lightning at you!
The bolt of electricity hits you!
* * * LOW HITPOINT WARNING * * *
The bolt of electricity hits you!
* * * LOW HITPOINT WARNING * * *
You closely miss the electric eel.
The electric eel shoots out a bolt of lightning at you!
The bolt of electricity hits the electric eel.
The electric eel completely resists.
The bolt of electricity hits you!
* * * LOW HITPOINT WARNING * * *
You feel much better.
The electric eel shoots out a bolt of lightning at you!
The bolt of electricity hits you!
* * * LOW HITPOINT WARNING * * *
The electric eel shoots out a bolt of lightning at you!
The bolt of electricity hits you!
* * * LOW HITPOINT WARNING * * *
The bolt of electricity hits you! Elyvilon protects you from harm!
You feel much better.
The electric eel shoots out a bolt of lightning at you!
The bolt of electricity hits the electric eel.
The electric eel completely resists.
The bolt of electricity hits you!
* * * LOW HITPOINT WARNING * * *
The electric eel shoots out a bolt of lightning at you!
The bolt of electricity hits you!
* * * LOW HITPOINT WARNING * * *
The bolt of electricity hits you!
You die...

#..'..~~## #.# #.#
##.#####~####### #.#
###≈≈≈##~~...## #.#
#≈≈.≈≈######)## #.#
#~)...##≈≈≈##~# #.#
#~~~.[#S≈=≈≈#~# #.##
#~..~P#.~S[.#~# #...
## #.....#)S.P.#~#
####
<#######.....#P.@PP#.#
......###'..##.....#.#
.######..#####.....#.#
.#######..~~)##'..##.#
.......#####~..####.##
..###### ###..~~~##
....# ####### ########
.<..# #.# #.......
....# ##.## #.######


You could see 3 electric eels.

Vanquished Creatures
  Joseph (D:7)
  A kobold demonologist (D:7)
  Menkaure (D:7)
  A water moccasin (D:7)
  3 black bears
  2 ice beasts
  3 ogres
  4 centaurs
  Blork the orc (D:4)
  A necrophage (D:4)
  A gnoll sergeant (D:7)
  2 scorpions
  3 bullfrogs
  A wight (D:7)
  12 killer bees
  2 electric eels (D:7)
  2 howler monkeys (D:7)
  3 jellies
  2 orc priests (D:7)
  4 hounds
  4 iguanas
  3 gnolls (D:7)
  6 adders
  A shadow imp (D:6)
  A white imp (D:6)
  A worm (D:3)
  3 dart slugs
  10 orcs
  8 bats
  14 endoplasms
  4 giant cockroaches
  5 goblins
  4 hobgoblins
  6 jackals
  3 quokkas
  3 ball pythons
  4 frilled lizards
  13 kobolds
  3 rats
  A bush (D:2)
147 creatures vanquished.

Vanquished Creatures (others)
  A fungus (D:4)
  4 plants
  9 toadstools (D:4)
14 creatures vanquished.

Grand Total: 161 creatures vanquished

Notes
Turn   | Place    | Note
-------+----------+-------------------------------------------
     0 | D:1      | testman the Troll Fighter began the quest for the Orb.
     0 | D:1      | Reached XP level 1. HP: 22/22 MP: 0/0
    75 | D:1      | Reached XP level 2. HP: 29/29 MP: 1/1
   644 | D:2      | Reached XP level 3. HP: 35/36 MP: 2/2
   896 | D:2      | Found a sparkling altar of Nemelex Xobeh.
  1384 | D:3      | Found a white marble altar of Elyvilon.
  1413 | D:3      | Became a worshipper of Elyvilon the Healer
  1657 | D:3      | Reached XP level 4. HP: 44/44 MP: 3/3
  1933 | D:3      | Reached * piety under Elyvilon
  1960 | D:3      | Found a shimmering blue altar of Sif Muna.
  2189 | D:4      | Noticed a scorpion
  2201 | D:4      | Killed a scorpion
  2202 | D:4      | Reached skill level 3 in Unarmed Combat
  2309 | D:4      | Reached skill level 1 in Invocations
  2309 | D:4      | Reached XP level 5. HP: 53/53 MP: 4/4
  2417 | D:4      | Noticed Blork the orc
  2431 | D:4      | Killed Blork the orc
  2432 | D:4      | Reached XP level 6. HP: 10/61 MP: 6/6
  2697 | D:4      | Noticed an ice beast
  2709 | D:4      | Killed an ice beast
  2710 | D:4      | Reached XP level 7. HP: 61/68 MP: 7/7
  2763 | D:4      | Reached ** piety under Elyvilon
  2790 | D:4      | Reached skill level 4 in Unarmed Combat
  2825 | D:4      | Found a broken altar of Ashenzari.
  3141 | D:5      | Entered Level 5 of the Dungeon
  3148 | D:5      | Found Awaobuen's Distillery.
  3163 | D:5      | Bought a potion of curing for 39 gold pieces
  3163 | D:5      | Bought a potion of heal wounds for 65 gold pieces
  3163 | D:5      | Bought a potion of degeneration for 13 gold pieces
  3210 | D:5      | Found a staircase to the Ecumenical Temple.
  3257 | Temple   | Entered the Ecumenical Temple
  3763 | D:5      | Found a basalt altar of Yredelemnul.
  3763 | D:5      | Found a glowing silver altar of Zin.
  3770 | D:5      | Reached *** piety under Elyvilon
  3958 | D:6      | Reached XP level 8. HP: 69/78 MP: 9/9
  4096 | D:6      | Reached skill level 5 in Shields
  4178 | D:6      | Reached skill level 5 in Unarmed Combat
  4635 | D:6      | Found a burning altar of Makhleb.
  4635 | D:6      | Noticed an Executioner
  4638 | D:6      | Noticed a smoke demon
  4638 | D:6      | Noticed a smoke demon
  4733 | D:7      | Reached skill level 5 in Dodging
  4767 | D:7      | Reached skill level 5 in Fighting
  4776 | D:7      | Reached XP level 9. HP: 50/88 MP: 8/11
  4897 | D:7      | Reached skill level 6 in Unarmed Combat
  5143 | D:7      | HP: 4/88 [killer bee (5)]
  5146 | D:7      | Reached skill level 5 in Invocations
  5229 | D:7      | Noticed Joseph
  5251 | D:7      | Killed Joseph
  5388 | D:7      | Noticed Menkaure
  5395 | D:7      | Killed Menkaure
  5509 | D:7      | Reached skill level 7 in Unarmed Combat
  5543 | D:7      | Noticed a kobold demonologist
  5556 | D:7      | Killed a kobold demonologist
  5570 | D:7      | HP: 3/92 [electric eel/bolt of electricity (9)]
  5723 | D:7      | HP: 3/92 [electric eel/bolt of electricity (10)]
  5724 | D:7      | Elyvilon protects you from harm!
  5725 | D:7      | Killed from afar by an electric eel

Illustrated notes

Levels and vault maps discovered:
D:1:      lightli_arrival_flooded_house, layout_basic
D:2:      layout_basic, serial_forest, infiniplex_forest_lined_2,
          infiniplex_forest_corner_2, infiniplex_forest_end_2,
          infiniplex_forest_lined_2, infiniplex_forest_fountain,
          infiniplex_forest_3_way, infiniplex_forest_clump_diagonal,
          basic_altar, item_on_display_a
D:3:      layout_basic, overflow_temple_1_default, led_sif_book,
          chequers_serial_rivers_marsh
D:4:      cheibrodos_fertilizer, layout_loops_ring, cheibrodos_ashenzari_chains,
          uniq_blork_the_orc
D:5:      layout_cave_pools, chequers_temple_overflow_statue_of_worship,
          minmay_temple_entry_butterflies, serial_shops, nicolae_shop_trees,
          uniq_eustachio
D:6:      layout_basic, makhleb_altar_promises_db
D:7:      cheibrodos_two_vegetables, layout_loops_ring, uniq_joseph,
          uniq_menkaure
Temple:   compressed_dpeg_triangle_lava_temple

Skill      XL: |  1  2  3  4  5  6  7  8  9 |
---------------+----------------------------+-----
Shields        | 3 4 5 |  5.3
Fighting       | 3 4 5 6 |  6.4
Dodging        | 3 4 5 |  5.0
Unarmed Combat | 3 4 5 7 |  7.4
Invocations    | 1 2 3 4 6 |  6.1

Action                     |  1- 3 |  4- 6 |  7- 9 || total
---------------------------+-------+-------+-------++-------
  Melee: Unarmed           |   163 |    75 |   292 ||   530
  Throw: Dart              |       |     8 |     1 ||     9
 Invoke: Heal Self         |       |       |     4 ||     4
         Purification      |       |       |     2 ||     2
  Evoke: Wand              |       |       |     1 ||     1
    Use: Potion            |       |       |     7 ||     7
 Armour: Robe              |    51 |    18 |    83 ||   152
  Dodge: Dodged            |    44 |    33 |   123 ||   200
  Block: Kite shield       |    36 |    21 |   147 ||   204

Table legend: (Time is in decaauts)
 A = Elapsed time spent in this place.
 B = Non-inter-level travel time spent in this place.
 C = Inter-level travel time spent in this place.
 D = Time resting spent in this place.
 E = Time spent auto-exploring this place.
 F = Levels seen in this place.
 G = Mean time per level.
                   A        B        C        D        E       F      G
               +--------+--------+--------+--------+--------+-----+--------+
         Total |   5750 |   5552 |    198 |    119 |   4334 |   8 |  718.8 |
       Dungeon |   5477 |   5294 |    183 |    119 |   4086 |   7 |  782.4 |
        Temple |    272 |    257 |     15 |      0 |    248 |   1 |  272.0 |
               +--------+--------+--------+--------+--------+-----+--------+

Top non-repeatable levels by time:
     D:7: 1033 daAuts
     D:4: 959 daAuts
     D:3: 847 daAuts
     D:6: 778 daAuts
     D:2: 755 daAuts
     D:1: 600 daAuts
     D:5: 502 daAuts
  Temple: 272 daAuts
